Harfangs vs Coutelas
(R1)
Created - March 28, 2021 at 20:07
Goals
|
Harfangs |
3 |
0 |
1 |
0 |
0 |
4 |
Coutelas |
0 |
2 |
2 |
0 |
1 |
5 |
|
Shots
|
Harfangs |
14 |
9 |
8 |
1 |
3 |
32 |
Coutelas |
8 |
14 |
13 |
0 |
2 |
35 |
|
1st period
1. Harfangs , Michael Bournival 37 (Tyler Brenner 48, Tyler Randell 34) at 16:13 (PP)
2. Harfangs , Dylan Olsen 1 (Michael Bournival 53, Tyler Randell 35) at 16:42 (PP)
3. Harfangs , Tomas Kubalik 33 (Dylan Olsen 17, Reid McNeill 31) at 18:02
Penalties :
Tyler Brenner (BEA) for Hooking (Minor) at 4:53, Ben Harpur (MDÉ) for High sticking (Minor) at 15:58, Martins Karsums (MDÉ) for Holding (Minor) at 16:36, Ben Harpur (MDÉ) for Hooking (Minor) at 18:05
2nd period
4. Coutelas , Michael Chaput 23 (Sam Reinhart 20) at 5:13
5. Coutelas , Stefan Matteau 32 (Martins Karsums 24) at 18:11 (PP)
Penalties :
Michael Bournival (BEA) for Tripping (Minor) at 2:36, Patrick Sieloff (MDÉ) for Holding (Minor) at 6:36, Sam Reinhart (MDÉ) for Diving (Minor) at 10:08, Ivan Provorov (BEA) for Tripping (Minor) at 18:09
3rd period
6. Coutelas , Martins Karsums 18 (Stefan Matteau 44, Ben Harpur 26) at 1:20
7. Harfangs , Tomas Kubalik 34 (Lucas Wallmarkk 12, Reid McNeill 32) at 3:35
8. Coutelas , Myles Bell 3 (Julius Honka 8, Mikhail Grigorenko 17) at 10:14
Penalties :
Patrick Sieloff (MDÉ) for Interference (Minor) at 5:15, Patrick Sieloff (MDÉ) for Interference (Minor) at 10:36, Nick Mattson (MDÉ) for High sticking (Minor) at 16:03, Lucas Wallmarkk (BEA) for Hooking (Minor) at 17:34, Tyler Brenner (BEA) for Hooking (Minor) at 19:55
Overtime #1
No Goal
Penalties :
No Penalty
Shootout
Harfangs, Tyler Randell - Stopped by Joe Cannata
Coutelas, Martins Karsums - Stopped by Anton Forsberg
Harfangs, Michael Bournival - Shot Misses the Net
Coutelas, Stefan Matteau - Goal!
Harfangs, Tomas Kubalik - Stopped by Joe Cannata
Penalties :
No Penalty
Goalie Stats
Anton Forsberg (BEA), 31 saves from 35 shots - (0.886), OTL, 14-10-1, 65:00 minutes
Joe Cannata (MDÉ), 28 saves from 32 shots - (0.875), W, 25-13-4, 65:00 minutes
Players Stats for Harfangs
Player Name G A P +/- PIM S H SB GA TA FO MP PP MP PK MP
------------------------------------------------------------------------------------
A.J. Greer 0 0 0 -1 0 0 0 0 0 0 0/0 5:45 0:00 1:42
Blake Heinrich 0 0 0 -2 0 0 0 3 0 1 0/0 13:26 0:36 0:00
David Kampf 0 0 0 0 0 1 1 0 0 0 4/7 12:00 0:00 0:54
Dylan Olsen 1 1 2 2 0 2 2 1 1 1 0/0 25:51 6:33 2:21
Erik Nystrom 0 0 0 1 0 1 2 2 0 0 0/0 18:12 5:01 0:00
Ivan Provorov 0 0 0 -1 2 0 3 2 0 0 0/0 23:35 4:38 3:30
Jake Dotchin 0 0 0 -1 0 1 0 1 0 1 0/0 23:15 4:38 3:10
Lucas Wallmarkk 0 1 1 1 2 3 1 1 0 0 4/10 18:33 5:00 0:00
Michael Bournival 1 1 2 -1 2 8 7 0 0 1 0/0 24:03 6:41 1:57
Morgan Klimchuk 0 0 0 0 0 2 2 0 0 0 1/1 11:44 0:00 0:32
Nick Sorensen 0 0 0 0 0 0 0 0 0 0 1/1 3:48 0:16 0:00
Reid McNeill 0 2 2 2 0 4 3 1 1 0 0/0 31:18 7:09 4:20
Rinat Valiev 0 0 0 -2 0 1 1 5 0 1 0/0 12:34 0:00 1:39
Sven Andrighetto 0 0 0 0 0 1 0 0 0 0 0/1 11:54 0:05 0:00
Tomas Kubalik 2 0 2 1 0 2 1 1 0 0 1/3 20:49 5:01 1:33
Travis Konecny 0 0 0 -1 0 1 0 0 1 0 0/0 6:29 0:00 2:16
Tyler Brenner 0 1 1 -1 4 2 2 3 0 0 12/30 22:04 6:41 0:55
Tyler Randell 0 2 2 -2 0 3 1 1 1 0 4/11 26:37 6:35 3:16
Players Stats for Coutelas
Player Name G A P +/- PIM S H SB GA TA FO MP PP MP PK MP
------------------------------------------------------------------------------------
Ben Harpur 0 1 1 1 4 1 1 1 1 0 0/0 28:22 3:05 5:07
Craig Cunningham 0 0 0 1 0 3 4 0 0 1 1/1 22:15 3:04 4:47
Duncan Siemens 0 0 0 2 0 2 2 0 0 0 0/0 11:31 0:00 0:06
Julius Honka 0 1 1 2 0 3 1 1 0 0 0/0 16:30 0:00 4:22
Martins Karsums 1 1 2 1 2 5 5 1 0 1 11/17 24:58 2:35 6:34
Mattias Janmark 0 0 0 -1 0 0 0 0 0 0 0/0 10:00 0:00 0:00
Michael Chaput 1 0 1 -1 0 3 3 1 0 0 2/3 14:23 0:00 3:20
Mikhail Grigorenko 0 1 1 1 0 2 1 0 0 0 0/3 9:20 0:00 1:53
Myles Bell 1 0 1 1 0 6 0 0 0 0 0/0 6:41 0:00 0:00
Nick Mattson 0 0 0 -2 2 2 1 1 1 0 0/0 22:31 2:34 4:22
Oliver Bjorkstrand 0 0 0 0 0 0 1 0 0 0 1/1 13:55 2:34 0:00
Patrick Sieloff 0 0 0 -2 6 2 5 0 0 0 0/0 19:29 2:30 2:07
Petter Granberg 0 0 0 1 0 0 1 3 0 1 0/0 32:11 3:05 7:30
Rhett Rakhshani 0 0 0 1 0 1 1 1 2 0 0/0 9:28 0:39 0:00
Sam Reinhart 0 1 1 -1 2 1 0 1 0 0 0/0 10:47 0:22 0:00
Stefan Matteau 1 1 2 1 0 1 3 1 1 1 17/27 25:14 2:35 6:41
Tanner Richard 0 0 0 0 0 1 0 0 0 0 5/12 15:37 2:28 0:00
Teemu Pulkkinen 0 0 0 0 0 2 1 1 0 0 0/0 14:25 2:24 0:19
3 Stars
1 - Tomas Kubalik (BEA)
2 - Stefan Matteau (MDÉ)
3 - Dylan Olsen (BEA)
Power Play
Harfangs - 2 on 8 Attempt(s) - 25.00%
Coutelas - 1 on 5 Attempt(s) - 20.00%
Penalty Kill
Harfangs - 4 on 5 Attempt(s) - 80.00%
- Score 0 goal in Penalty Kill
Coutelas - 6 on 8 Attempt(s) - 75.00%
- Score 0 goal in Penalty Kill
Team Stat
Harfangs - Hits : 26 - Faceoff Wins : 27 - Blocked Shots : 21 - Penalty Minutes : 10
Coutelas - Hits : 30 - Faceoff Wins : 37 - Blocked Shots : 12 - Penalty Minutes : 16
Official
Referees : Unknown
Linesman : Unknown
Game Notes
Dylan Olsen is injured at 14:44 of 3rd period (Chest/Ribs)
Finance
Level 1 -- Attendance: 1368 (68.40%) -- Ticket Income $54,720
Level 2 -- Attendance: 755 (75.50%) -- Ticket Income $15,100
Total Attendance: 2123 (70.77%)
Total Ticket Income: $69,820
Other Income: $3,491
Total Income: $73,311
Harfangs
5 vs 5 Forward
Center Left Wing Right Wing Time % Phy DF OF
1 Tyler Brenner Michael Bournival Tyler Randell 40 1 2 2
2 Lucas Wallmarkk Erik Nystrom Tomas Kubalik 30 1 2 2
3 David Kampf Morgan Klimchuk Sven Andrighetto 20 1 2 2
4 Tyler Randell A.J. Greer Travis Konecny 10 1 2 2
5 vs 5 Defense
Defense Defense Time % Phy DF OF
1 Dylan Olsen Reid McNeill 40 1 2 2
2 Jake Dotchin Ivan Provorov 30 1 2 2
3 Blake Heinrich Rinat Valiev 20 1 2 2
4 Dylan Olsen Reid McNeill 10 1 2 2
PowerPlay Forward
Center Left Wing Right Wing Time % Phy DF OF
1 Tyler Brenner Michael Bournival Tyler Randell 60 1 2 2
2 Lucas Wallmarkk Erik Nystrom Tomas Kubalik 40 1 2 2
PowerPlay Defense
Defense Defense Time % Phy DF OF
1 Dylan Olsen Reid McNeill 60 1 2 2
2 Jake Dotchin Ivan Provorov 40 1 2 2
Penalty Kill 4 Players Forward
Center Wing Time % Phy DF OF
1 Tyler Randell Michael Bournival 60 1 2 2
2 Tomas Kubalik Tyler Brenner 40 1 2 2
Penalty Kill 4 Players Defense
Defense Defense Time % Phy DF OF
1 Dylan Olsen Reid McNeill 60 1 2 2
2 Jake Dotchin Ivan Provorov 40 1 2 2
Penalty Kill - 3 Players Forward
Forward Time % Phy DF OF
1 Tyler Randell 60 1 2 2
2 Michael Bournival 40 1 2 2
Penalty Kill - 3 Players Defense
Defense Defense Time % Phy DF OF
1 Dylan Olsen Reid McNeill 60 1 2 2
2 Jake Dotchin Ivan Provorov 40 1 2 2
4 vs 4 Forward
Center Wing Time % Phy DF OF
1 Tyler Randell Michael Bournival 60 1 2 2
2 Tomas Kubalik Tyler Brenner 40 1 2 2
4 vs 4 Defense
Defense Defense Time % Phy DF OF
1 Dylan Olsen Reid McNeill 60 1 2 2
2 Jake Dotchin Ivan Provorov 40 1 2 2
Last Minutes Offensive
Center Left Wing Right Wing Defense Defense
Tyler Brenner Michael Bournival Tyler Randell Dylan Olsen Reid McNeill
Last Minutes Defensive
Center Left Wing Right Wing Defense Defense
Tyler Brenner Michael Bournival Tyler Randell Dylan Olsen Reid McNeill
Goaltenders
Starting : Anton Forsberg
Backup : Zachary Fucale
Extra Forwards
Normal : Nick Sorensen, Sven Andrighetto, Travis Konecny - PP : Nick Sorensen, Sven Andrighetto - PK : Travis Konecny
Extra Defensemen
Normal : Blake Heinrich, Rinat Valiev, Jake Dotchin - PP : Blake Heinrich - PK : Rinat Valiev, Jake Dotchin
Penalty Shots
Tyler Randell, Michael Bournival, Tomas Kubalik, Tyler Brenner, Sven Andrighetto
Scratches
Cristoval Nieves (Healthy), Calle Jarnkrok (Healthy), Nick Shore (Healthy), JC Lipon (Healthy), Brenden Kichton (Healthy)
Cooper Marody (Healthy), Laurent Dauphin (Healthy), Mark Alt (Healthy), Brendan Leipsic (Healthy), Brandon McMillan (Healthy)
Devon Teows (Healthy), Justin Kirkland (Healthy), Victor Bartley (Healthy), Anthony Angello (Healthy), Jason Kasdorf (Healthy)
Scott Wedgewood (Healthy)
Coutelas
5 vs 5 Forward
Center Left Wing Right Wing Time % Phy DF OF
1 Stefan Matteau Craig Cunningham Martins Karsums 40 1 2 2
2 Tanner Richard Teemu Pulkkinen Oliver Bjorkstrand 30 1 2 2
3 Michael Chaput Mattias Janmark Sam Reinhart 20 1 2 2
4 Mikhail Grigorenko Myles Bell Rhett Rakhshani 10 1 2 2
5 vs 5 Defense
Defense Defense Time % Phy DF OF
1 Petter Granberg Ben Harpur 40 1 2 2
2 Nick Mattson Patrick Sieloff 30 1 2 2
3 Duncan Siemens Julius Honka 20 1 2 2
4 Petter Granberg Ben Harpur 10 1 2 2
PowerPlay Forward
Center Left Wing Right Wing Time % Phy DF OF
1 Stefan Matteau Craig Cunningham Martins Karsums 60 1 2 2
2 Tanner Richard Teemu Pulkkinen Oliver Bjorkstrand 40 1 2 2
PowerPlay Defense
Defense Defense Time % Phy DF OF
1 Petter Granberg Ben Harpur 60 1 2 2
2 Nick Mattson Patrick Sieloff 40 1 2 2
Penalty Kill 4 Players Forward
Center Wing Time % Phy DF OF
1 Martins Karsums Stefan Matteau 60 1 2 2
2 Michael Chaput Craig Cunningham 40 1 2 2
Penalty Kill 4 Players Defense
Defense Defense Time % Phy DF OF
1 Petter Granberg Ben Harpur 60 1 2 2
2 Nick Mattson Patrick Sieloff 40 1 2 2
Penalty Kill - 3 Players Forward
Forward Time % Phy DF OF
1 Martins Karsums 60 1 2 2
2 Stefan Matteau 40 1 2 2
Penalty Kill - 3 Players Defense
Defense Defense Time % Phy DF OF
1 Petter Granberg Ben Harpur 60 1 2 2
2 Nick Mattson Patrick Sieloff 40 1 2 2
4 vs 4 Forward
Center Wing Time % Phy DF OF
1 Martins Karsums Stefan Matteau 60 1 2 2
2 Michael Chaput Craig Cunningham 40 1 2 2
4 vs 4 Defense
Defense Defense Time % Phy DF OF
1 Petter Granberg Ben Harpur 60 1 2 2
2 Nick Mattson Patrick Sieloff 40 1 2 2
Last Minutes Offensive
Center Left Wing Right Wing Defense Defense
Stefan Matteau Craig Cunningham Martins Karsums Petter Granberg Ben Harpur
Last Minutes Defensive
Center Left Wing Right Wing Defense Defense
Stefan Matteau Craig Cunningham Martins Karsums Petter Granberg Ben Harpur
Goaltenders
Starting : Joe Cannata
Backup : Mackenzie Blackwood
Extra Forwards
Normal : Tanner Richard, Rhett Rakhshani, Mikhail Grigorenko - PP : Tanner Richard, Rhett Rakhshani - PK : Mikhail Grigorenko
Extra Defensemen
Normal : Duncan Siemens, Julius Honka, Nick Mattson - PP : Duncan Siemens - PK : Julius Honka, Nick Mattson
Penalty Shots
Martins Karsums, Stefan Matteau, Michael Chaput, Craig Cunningham, Teemu Pulkkinen
Scratches
Ross Johnston (Healthy), Patrick Russell (Healthy), Zach Whitecloud (Healthy), Mike Reilly (Strained Back Injury), Nick Paul (Healthy)
Kurtis Gabriel (Healthy), Curtis Lazar (Healthy), Calle Andersson (Healthy), Clark Bishop (Healthy), Nikita Scherbak (Healthy)
JJ. Piccinich (Healthy), Michael Giugovaz (Healthy)
% Time on Ice - Harfangs
Lines # - Real PCT - Wanted PCT - Time Play
Normal Forward
1 - 32% - 40% - 13:32
2 - 32% - 30% - 13:33
3 - 26% - 20% - 11:06
4 - 9% - 10% - 3:59
Normal Defense
1 - 41% - 40% - 17:15
2 - 33% - 30% - 13:54
3 - 24% - 20% - 9:58
4 - 2% - 10% - 1:03
PP Forward
1 - 57% - 60% - 6:46
2 - 43% - 40% - 5:01
PP Defense
1 - 61% - 60% - 7:09
2 - 39% - 40% - 4:38
PK Forward
1 - 72% - 60% - 4:02
2 - 28% - 40% - 1:33
PK Defense
1 - 59% - 60% - 3:16
2 - 41% - 40% - 2:19
PK3 Forward
1 - 77% - 60% - 1:29
2 - 23% - 40% - 0:26
PK3 Defense
1 - 65% - 60% - 1:15
2 - 35% - 40% - 0:40
44 Forward
1 - 80% - 60% - 2:51
2 - 20% - 40% - 0:42
44 Defense
1 - 70% - 60% - 2:29
2 - 30% - 40% - 1:04
Last Minute Offensive - 0:00
Last Minute Defensive - 0:00
Total
Forward - 65:00
Defense - 65:00
|
% Time on Ice - Coutelas
Lines # - Real PCT - Wanted PCT - Time Play
Normal Forward
1 - 33% - 40% - 13:59
2 - 27% - 30% - 11:30
3 - 24% - 20% - 10:00
4 - 16% - 10% - 6:41
Normal Defense
1 - 38% - 40% - 16:00
2 - 33% - 30% - 13:53
3 - 27% - 20% - 11:16
4 - 2% - 10% - 1:01
PP Forward
1 - 57% - 60% - 3:11
2 - 43% - 40% - 2:24
PP Defense
1 - 55% - 60% - 3:05
2 - 45% - 40% - 2:30
PK Forward
1 - 72% - 60% - 8:27
2 - 28% - 40% - 3:20
PK Defense
1 - 56% - 60% - 6:36
2 - 44% - 40% - 5:11
PK3 Forward
1 - 0% - 60%
2 - 0% - 40%
PK3 Defense
1 - 0% - 60%
2 - 0% - 40%
44 Forward
1 - 84% - 60% - 4:34
2 - 16% - 40% - 0:54
44 Defense
1 - 66% - 60% - 3:36
2 - 34% - 40% - 1:52
Last Minute Offensive - 0:00
Last Minute Defensive - 0:00
Total
Forward - 65:00
Defense - 65:00
|
Play-by-Play
1st period
0:01 of 1st period - Stefan Matteau wins face-off versus Tyler Brenner in neutral zone.
0:26 of 1st period - Ben Harpur is hit by Reid McNeill and loses puck.
0:50 of 1st period - Wrist shot by Sven Andrighetto.
0:50 of 1st period - Shot Misses the Net.
0:52 of 1st period - Snap shot by David Kampf.
0:52 of 1st period - Shot Blocked by Michael Chaput.
0:54 of 1st period - Backhand shot by Blake Heinrich.
0:54 of 1st period - Shot Misses the Net.
0:56 of 1st period - Slapshot by Rinat Valiev.
0:56 of 1st period - Stopped by Joe Cannata with a rebound.
0:58 of 1st period - Snap shot by Morgan Klimchuk.
0:58 of 1st period - Shot Misses the Net.
1:14 of 1st period - Snap shot by Myles Bell.
1:14 of 1st period - Stopped by Anton Forsberg with a rebound.
1:16 of 1st period - Slapshot by Petter Granberg.
1:16 of 1st period - Shot Blocked by Blake Heinrich.
1:18 of 1st period - Slapshot by Myles Bell.
1:18 of 1st period - Stopped by Anton Forsberg without a rebound.
1:19 of 1st period - Lucas Wallmarkk wins face-off versus Stefan Matteau in Harfangs zone.
2:10 of 1st period - Slapshot by Michael Bournival.
2:10 of 1st period - Shot Misses the Net.
2:30 of 1st period - Wrist shot by Sven Andrighetto.
2:30 of 1st period - Shot Blocked by Teemu Pulkkinen.
2:42 of 1st period - Icing by Morgan Klimchuk.
2:43 of 1st period - David Kampf wins face-off versus Stefan Matteau in Harfangs zone.
3:16 of 1st period - Snap shot by Tyler Randell.
3:16 of 1st period - Shot Misses the Net.
3:18 of 1st period - Wrist shot by Jake Dotchin.
3:18 of 1st period - Deflect By Tyler Randell.
3:18 of 1st period - Stopped by Joe Cannata without a rebound.
3:19 of 1st period - Lucas Wallmarkk wins face-off versus Stefan Matteau in Coutelas zone.
3:20 of 1st period - Wrist shot by Tomas Kubalik.
3:20 of 1st period - Shot Misses the Net.
3:22 of 1st period - Slapshot by Lucas Wallmarkk.
3:22 of 1st period - Stopped by Joe Cannata without a rebound.
3:23 of 1st period - Stefan Matteau wins face-off versus Tomas Kubalik in Coutelas zone.
3:40 of 1st period - Off-side.
3:41 of 1st period - Tyler Brenner wins face-off versus Tanner Richard in neutral zone.
3:46 of 1st period - Slapshot by Michael Bournival.
3:46 of 1st period - Stopped by Joe Cannata with a rebound.
3:56 of 1st period - Tyler Brenner is hit by Patrick Sieloff and loses puck.
4:07 of 1st period - Martins Karsums is hit by Erik Nystrom and loses puck.
4:38 of 1st period - Snap shot by Sam Reinhart.
4:38 of 1st period - Shot Misses the Net.
4:40 of 1st period - Wrist shot by Patrick Sieloff.
4:40 of 1st period - Stopped by Anton Forsberg with a rebound.
4:42 of 1st period - Slapshot by Nick Mattson.
4:42 of 1st period - Deflect By Michael Chaput.
4:42 of 1st period - Shot Misses the Net.
4:42 of 1st period - Puck is out of play.
4:43 of 1st period - Tanner Richard wins face-off versus Tyler Brenner in Harfangs zone.
4:53 of 1st period - Minor Penalty to Tyler Brenner for Hooking.
4:54 of 1st period - Tyler Randell wins face-off versus Stefan Matteau in Harfangs zone.
5:27 of 1st period - Snap shot by Tanner Richard.
5:27 of 1st period - Shot Blocked by Reid McNeill.
5:29 of 1st period - Slapshot by Patrick Sieloff.
5:29 of 1st period - Shot Blocked by Tomas Kubalik.
6:35 of 1st period - Craig Cunningham is hit by Dylan Olsen and loses puck.
6:53 of 1st period - Penalty to Tyler Brenner is over, Tyler Brenner is back on ice.
7:43 of 1st period - Wrist shot by Tomas Kubalik.
7:43 of 1st period - Shot Misses the Net.
8:22 of 1st period - Dylan Olsen is hit by Craig Cunningham and loses puck.
8:29 of 1st period - Stefan Matteau is hit by Reid McNeill and loses puck.
8:42 of 1st period - Travis Konecny is hit by Michael Chaput and loses puck.
8:57 of 1st period - Mikhail Grigorenko is hit by Tomas Kubalik and loses puck.
9:35 of 1st period - Ben Harpur is hit by Michael Bournival and loses puck.
10:27 of 1st period - Martins Karsums is hit by Michael Bournival and loses puck.
11:22 of 1st period - Snap shot by Michael Chaput.
11:22 of 1st period - Deflect By Michael Bournival.
11:22 of 1st period - Stopped by Anton Forsberg with a rebound.
12:40 of 1st period - Rinat Valiev is hit by Teemu Pulkkinen and loses puck.
12:57 of 1st period - Petter Granberg is hit by Michael Bournival and loses puck.
13:10 of 1st period - Tomas Kubalik is hit by Craig Cunningham and loses puck.
13:15 of 1st period - Wrist shot by Martins Karsums.
13:15 of 1st period - Shot Misses the Net.
13:17 of 1st period - Wrist shot by Martins Karsums.
13:17 of 1st period - Stopped by Anton Forsberg without a rebound.
13:18 of 1st period - Stefan Matteau wins face-off versus Tyler Brenner in Harfangs zone.
13:19 of 1st period - Wrist shot by Martins Karsums.
13:19 of 1st period - Stopped by Anton Forsberg without a rebound.
13:20 of 1st period - Tyler Brenner wins face-off versus Stefan Matteau in Harfangs zone.
13:20 of 1st period - Tyler Brenner is hit by Craig Cunningham.
13:38 of 1st period - Petter Granberg is hit by Michael Bournival.
13:54 of 1st period - Slapshot by Reid McNeill.
13:54 of 1st period - Stopped by Joe Cannata with a rebound.
13:58 of 1st period - Snap shot by Lucas Wallmarkk.
13:58 of 1st period - Deflect By Erik Nystrom.
13:58 of 1st period - Shot Misses the Net.
13:58 of 1st period - Puck is out of play.
13:59 of 1st period - Lucas Wallmarkk wins face-off versus Stefan Matteau in Coutelas zone.
14:26 of 1st period - Tyler Brenner is hit by Patrick Sieloff and loses puck.
15:17 of 1st period - Snap shot by Myles Bell.
15:17 of 1st period - Stopped by Anton Forsberg with a rebound.
15:39 of 1st period - Slapshot by Rhett Rakhshani.
15:39 of 1st period - Stopped by Anton Forsberg without a rebound.
15:40 of 1st period - Stefan Matteau wins face-off versus David Kampf in Harfangs zone.
15:58 of 1st period - Minor Penalty to Ben Harpur for High sticking.
15:59 of 1st period - Tyler Brenner wins face-off versus Martins Karsums in Coutelas zone.
16:07 of 1st period - Snap shot by Tyler Brenner.
16:07 of 1st period - Stopped by Joe Cannata with a rebound.
16:09 of 1st period - Snap shot by Dylan Olsen.
16:09 of 1st period - Shot Blocked by Petter Granberg.
16:11 of 1st period - Wrist shot by Tyler Randell.
16:11 of 1st period - Shot Misses the Net.
16:13 of 1st period - Snap shot by Tyler Brenner.
16:13 of 1st period - Deflect By Michael Bournival.
16:13 of 1st period - Goal by Michael Bournival - Harfangs : 1 - Coutelas : 0.
16:14 of 1st period - Tyler Brenner wins face-off versus Stefan Matteau in neutral zone.
16:14 of 1st period - Tyler Brenner is hit by Martins Karsums.
16:26 of 1st period - Snap shot by Tyler Randell.
16:26 of 1st period - Shot Blocked by Petter Granberg.
16:28 of 1st period - Wrist shot by Tyler Randell.
16:28 of 1st period - Shot Misses the Net.
16:30 of 1st period - Slapshot by Reid McNeill.
16:30 of 1st period - Shot Misses the Net.
16:36 of 1st period - Minor Penalty to Martins Karsums for Holding.
16:37 of 1st period - Tyler Randell wins face-off versus Mikhail Grigorenko in Coutelas zone.
16:38 of 1st period - Slapshot by Michael Bournival.
16:38 of 1st period - Shot Misses the Net.
16:40 of 1st period - Slapshot by Dylan Olsen.
16:40 of 1st period - Shot Blocked by Stefan Matteau.
16:42 of 1st period - Slapshot by Dylan Olsen.
16:42 of 1st period - Goal by Dylan Olsen - Harfangs : 2 - Coutelas : 0.
16:43 of 1st period - Tyler Brenner wins face-off versus Stefan Matteau in neutral zone.
16:52 of 1st period - Slapshot by Tyler Brenner.
16:52 of 1st period - Shot Blocked by Ben Harpur.
16:54 of 1st period - Snap shot by Tyler Brenner.
16:54 of 1st period - Shot Blocked by Martins Karsums.
16:56 of 1st period - Snap shot by Tyler Randell.
16:56 of 1st period - Shot Misses the Net.
16:58 of 1st period - Slapshot by Reid McNeill.
16:58 of 1st period - Deflect By Stefan Matteau.
16:58 of 1st period - Stopped by Joe Cannata without a rebound.
16:59 of 1st period - Tomas Kubalik wins face-off versus Tanner Richard in Coutelas zone.
17:02 of 1st period - Wrist shot by Lucas Wallmarkk.
17:02 of 1st period - Stopped by Joe Cannata with a rebound.
17:24 of 1st period - Backhand shot by Sam Reinhart.
17:24 of 1st period - Shot Misses the Net.
17:34 of 1st period - Backhand shot by Tomas Kubalik.
17:34 of 1st period - Shot Misses the Net.
17:46 of 1st period - Snap shot by Tomas Kubalik.
17:46 of 1st period - Shot Misses the Net.
17:48 of 1st period - Slapshot by Dylan Olsen.
17:48 of 1st period - Stopped by Joe Cannata with a rebound.
18:00 of 1st period - Snap shot by Tomas Kubalik.
18:00 of 1st period - Shot Misses the Net.
18:02 of 1st period - Snap shot by Tomas Kubalik.
18:02 of 1st period - Goal by Tomas Kubalik - Harfangs : 3 - Coutelas : 0.
18:03 of 1st period - Stefan Matteau wins face-off versus Tyler Brenner in neutral zone.
18:05 of 1st period - Minor Penalty to Ben Harpur for Hooking.
18:06 of 1st period - Martins Karsums wins face-off versus Tyler Brenner in Coutelas zone.
18:21 of 1st period - Off-side.
18:22 of 1st period - Tyler Brenner wins face-off versus Martins Karsums in neutral zone.
18:25 of 1st period - Wrist shot by Reid McNeill.
18:25 of 1st period - Stopped by Joe Cannata with a rebound.
18:27 of 1st period - Snap shot by Tyler Brenner.
18:27 of 1st period - Stopped by Joe Cannata without a rebound.
18:28 of 1st period - Martins Karsums wins face-off versus Tyler Brenner in Coutelas zone.
Goals for this period are 3 for Harfangs vs 0 for Coutelas.
Shots for this period are 14 for Harfangs vs 8 for Coutelas.
2nd period
0:01 of 2nd period - Martins Karsums wins face-off versus Tyler Brenner in neutral zone.
0:05 of 2nd period - Penalty to Ben Harpur is over, Ben Harpur is back on ice.
0:36 of 2nd period - Wrist shot by Teemu Pulkkinen.
0:36 of 2nd period - Shot Misses the Net.
0:54 of 2nd period - Wrist shot by Sven Andrighetto.
0:54 of 2nd period - Stopped by Joe Cannata with a rebound.
0:56 of 2nd period - Slapshot by Jake Dotchin.
0:56 of 2nd period - Stopped by Joe Cannata without a rebound.
0:57 of 2nd period - Stefan Matteau wins face-off versus Tyler Brenner in Coutelas zone.
1:24 of 2nd period - Tomas Kubalik is hit by Patrick Sieloff and loses puck.
1:35 of 2nd period - Slapshot by Tanner Richard.
1:35 of 2nd period - Stopped by Anton Forsberg with a rebound.
1:59 of 2nd period - Sam Reinhart is hit by Morgan Klimchuk and loses puck.
2:18 of 2nd period - Snap shot by Travis Konecny.
2:18 of 2nd period - Stopped by Joe Cannata with a rebound.
2:20 of 2nd period - Snap shot by Tyler Randell.
2:20 of 2nd period - Stopped by Joe Cannata with a rebound.
2:34 of 2nd period - Snap shot by Martins Karsums.
2:34 of 2nd period - Shot Blocked by Blake Heinrich.
2:36 of 2nd period - Minor Penalty to Michael Bournival for Tripping.
2:37 of 2nd period - Stefan Matteau wins face-off versus Tyler Randell in Harfangs zone.
4:36 of 2nd period - Penalty to Michael Bournival is over, Michael Bournival is back on ice.
4:37 of 2nd period - Snap shot by Morgan Klimchuk.
4:37 of 2nd period - Shot Blocked by Rhett Rakhshani.
4:39 of 2nd period - Wrist shot by Ivan Provorov.
4:39 of 2nd period - Shot Misses the Net.
4:41 of 2nd period - Wrist shot by Michael Bournival.
4:41 of 2nd period - Stopped by Joe Cannata without a rebound.
4:42 of 2nd period - Michael Chaput wins face-off versus Lucas Wallmarkk in Coutelas zone.
4:51 of 2nd period - Snap shot by Michael Chaput.
4:51 of 2nd period - Stopped by Anton Forsberg without a rebound.
4:52 of 2nd period - Michael Chaput wins face-off versus Lucas Wallmarkk in Harfangs zone.
4:53 of 2nd period - Wrist shot by Sam Reinhart.
4:53 of 2nd period - Shot Misses the Net.
5:13 of 2nd period - Snap shot by Michael Chaput.
5:13 of 2nd period - Goal by Michael Chaput - Harfangs : 3 - Coutelas : 1.
5:14 of 2nd period - Stefan Matteau wins face-off versus Tyler Brenner in neutral zone.
5:41 of 2nd period - Oliver Bjorkstrand is hit by Dylan Olsen and loses puck.
6:36 of 2nd period - Minor Penalty to Patrick Sieloff for Holding.
6:37 of 2nd period - Tyler Brenner wins face-off versus Martins Karsums in Coutelas zone.
6:49 of 2nd period - Backhand shot by Reid McNeill.
6:49 of 2nd period - Deflect By Michael Bournival.
6:49 of 2nd period - Stopped by Joe Cannata without a rebound.
6:50 of 2nd period - Martins Karsums wins face-off versus Tyler Brenner in Coutelas zone.
8:36 of 2nd period - Penalty to Patrick Sieloff is over, Patrick Sieloff is back on ice.
8:56 of 2nd period - Snap shot by David Kampf.
8:56 of 2nd period - Stopped by Joe Cannata without a rebound.
8:57 of 2nd period - Morgan Klimchuk wins face-off versus Mikhail Grigorenko in Coutelas zone.
9:06 of 2nd period - Slapshot by Ben Harpur.
9:06 of 2nd period - Deflect By Rhett Rakhshani.
9:06 of 2nd period - Shot Misses the Net.
9:06 of 2nd period - Puck is out of play.
9:07 of 2nd period - Stefan Matteau wins face-off versus David Kampf in Harfangs zone.
9:34 of 2nd period - Snap shot by Tanner Richard.
9:34 of 2nd period - Shot Misses the Net.
9:36 of 2nd period - Slapshot by Ben Harpur.
9:36 of 2nd period - Stopped by Anton Forsberg with a rebound.
9:38 of 2nd period - Wrist shot by Ben Harpur.
9:38 of 2nd period - Shot Misses the Net.
9:40 of 2nd period - Wrist shot by Tanner Richard.
9:40 of 2nd period - Shot Blocked by Tyler Randell.
9:42 of 2nd period - Snap shot by Oliver Bjorkstrand.
9:42 of 2nd period - Shot Blocked by Ivan Provorov.
10:08 of 2nd period - Minor Penalty to Sam Reinhart for Diving.
10:09 of 2nd period - Tyler Brenner wins face-off versus Martins Karsums in Coutelas zone.
10:36 of 2nd period - Erik Nystrom is hit by Craig Cunningham and loses puck.
12:08 of 2nd period - Penalty to Sam Reinhart is over, Sam Reinhart is back on ice.
12:42 of 2nd period - Wrist shot by Mikhail Grigorenko.
12:42 of 2nd period - Shot Blocked by Rinat Valiev.
12:44 of 2nd period - Snap shot by Rhett Rakhshani.
12:44 of 2nd period - Deflect By Myles Bell.
12:44 of 2nd period - Stopped by Anton Forsberg with a rebound.
12:46 of 2nd period - Slapshot by Duncan Siemens.
12:46 of 2nd period - Stopped by Anton Forsberg without a rebound.
12:47 of 2nd period - David Kampf wins face-off versus Mikhail Grigorenko in Harfangs zone.
12:52 of 2nd period - Wrist shot by Jake Dotchin.
12:52 of 2nd period - Shot Blocked by Julius Honka.
12:58 of 2nd period - Wrist shot by Morgan Klimchuk.
12:58 of 2nd period - Stopped by Joe Cannata with a rebound.
13:06 of 2nd period - Jake Dotchin is hit by Duncan Siemens.
13:32 of 2nd period - Tomas Kubalik is hit by Martins Karsums and loses puck.
14:08 of 2nd period - Slapshot by Nick Mattson.
14:08 of 2nd period - Stopped by Anton Forsberg with a rebound.
14:51 of 2nd period - A.J. Greer is hit by Stefan Matteau and loses puck.
14:56 of 2nd period - Slapshot by Craig Cunningham.
14:56 of 2nd period - Stopped by Anton Forsberg with a rebound.
14:58 of 2nd period - Snap shot by Craig Cunningham.
14:58 of 2nd period - Shot Blocked by Jake Dotchin.
16:03 of 2nd period - Duncan Siemens is hit by Michael Bournival and loses puck.
16:14 of 2nd period - Lucas Wallmarkk is hit by Stefan Matteau and loses puck.
16:23 of 2nd period - Wrist shot by Craig Cunningham.
16:23 of 2nd period - Shot Blocked by Erik Nystrom.
16:25 of 2nd period - Slapshot by Duncan Siemens.
16:25 of 2nd period - Stopped by Anton Forsberg with a rebound.
16:27 of 2nd period - Slapshot by Julius Honka.
16:27 of 2nd period - Stopped by Anton Forsberg without a rebound.
16:28 of 2nd period - David Kampf wins face-off versus Tanner Richard in Harfangs zone.
16:33 of 2nd period - Slapshot by Tanner Richard.
16:33 of 2nd period - Shot Misses the Net.
17:24 of 2nd period - Snap shot by Sam Reinhart.
17:24 of 2nd period - Stopped by Anton Forsberg without a rebound.
17:25 of 2nd period - Tyler Brenner wins face-off versus Tanner Richard in Harfangs zone.
17:50 of 2nd period - Ivan Provorov is hit by Martins Karsums and loses puck.
18:03 of 2nd period - Snap shot by Craig Cunningham.
18:03 of 2nd period - Stopped by Anton Forsberg with a rebound.
18:09 of 2nd period - Minor Penalty to Ivan Provorov for Tripping.
18:10 of 2nd period - Martins Karsums wins face-off versus Tyler Randell in Harfangs zone.
18:11 of 2nd period - Wrist shot by Stefan Matteau.
18:11 of 2nd period - Goal by Stefan Matteau - Harfangs : 3 - Coutelas : 2.
18:12 of 2nd period - Stefan Matteau wins face-off versus Tyler Brenner in neutral zone.
18:15 of 2nd period - Wrist shot by Craig Cunningham.
18:15 of 2nd period - Shot Misses the Net.
18:23 of 2nd period - Snap shot by Tyler Brenner.
18:23 of 2nd period - Shot Misses the Net.
18:25 of 2nd period - Slapshot by Tyler Brenner.
18:25 of 2nd period - Shot Blocked by Petter Granberg.
18:27 of 2nd period - Slapshot by Reid McNeill.
18:27 of 2nd period - Stopped by Joe Cannata with a rebound.
19:00 of 2nd period - Backhand shot by David Kampf.
19:00 of 2nd period - Deflect By Petter Granberg.
19:00 of 2nd period - Shot Misses the Net.
19:00 of 2nd period - Puck is out of play.
19:01 of 2nd period - Tyler Brenner wins face-off versus Michael Chaput in Coutelas zone.
19:26 of 2nd period - Tomas Kubalik is hit by Patrick Sieloff and loses puck.
19:55 of 2nd period - Slapshot by Nick Mattson.
19:55 of 2nd period - Stopped by Anton Forsberg without a rebound.
19:56 of 2nd period - Stefan Matteau wins face-off versus Tyler Brenner in Harfangs zone.
Goals for this period are 0 for Harfangs vs 2 for Coutelas.
Shots for this period are 9 for Harfangs vs 14 for Coutelas.
3rd period
0:01 of 3rd period - Craig Cunningham wins face-off versus Tyler Brenner in neutral zone.
0:31 of 3rd period - Snap shot by Tomas Kubalik.
0:31 of 3rd period - Deflect By Lucas Wallmarkk.
0:31 of 3rd period - Stopped by Joe Cannata with a rebound.
0:59 of 3rd period - Sam Reinhart is hit by Ivan Provorov and loses puck.
1:10 of 3rd period - Snap shot by Martins Karsums.
1:10 of 3rd period - Stopped by Anton Forsberg with a rebound.
1:20 of 3rd period - Slapshot by Martins Karsums.
1:20 of 3rd period - Goal by Martins Karsums - Harfangs : 3 - Coutelas : 3.
1:21 of 3rd period - Stefan Matteau wins face-off versus Tyler Brenner in neutral zone.
1:28 of 3rd period - Wrist shot by Martins Karsums.
1:28 of 3rd period - Stopped by Anton Forsberg without a rebound.
1:29 of 3rd period - Tyler Brenner wins face-off versus Stefan Matteau in Harfangs zone.
1:29 of 3rd period - Tyler Brenner is hit by Martins Karsums.
1:39 of 3rd period - Snap shot by Stefan Matteau.
1:39 of 3rd period - Shot Misses the Net.
1:53 of 3rd period - Snap shot by Michael Bournival.
1:53 of 3rd period - Shot Misses the Net.
2:07 of 3rd period - Wrist shot by Craig Cunningham.
2:07 of 3rd period - Stopped by Anton Forsberg without a rebound.
2:08 of 3rd period - Tanner Richard wins face-off versus Lucas Wallmarkk in Harfangs zone.
2:21 of 3rd period - Slapshot by Teemu Pulkkinen.
2:21 of 3rd period - Shot Blocked by Ivan Provorov.
2:23 of 3rd period - Slapshot by Ben Harpur.
2:23 of 3rd period - Shot Blocked by Erik Nystrom.
2:35 of 3rd period - Sam Reinhart is hit by David Kampf and loses puck.
2:46 of 3rd period - Wrist shot by Morgan Klimchuk.
2:46 of 3rd period - Stopped by Joe Cannata without a rebound.
2:47 of 3rd period - Stefan Matteau wins face-off versus Tyler Randell in Coutelas zone.
2:54 of 3rd period - Snap shot by Michael Bournival.
2:54 of 3rd period - Shot Misses the Net.
2:56 of 3rd period - Snap shot by Michael Bournival.
2:56 of 3rd period - Stopped by Joe Cannata with a rebound.
2:58 of 3rd period - Slapshot by Tyler Randell.
2:58 of 3rd period - Deflect By Michael Bournival.
2:58 of 3rd period - Stopped by Joe Cannata without a rebound.
2:59 of 3rd period - Stefan Matteau wins face-off versus Tyler Randell in Coutelas zone.
3:26 of 3rd period - Tomas Kubalik is hit by Michael Chaput and loses puck.
3:35 of 3rd period - Wrist shot by Tomas Kubalik.
3:35 of 3rd period - Goal by Tomas Kubalik - Harfangs : 4 - Coutelas : 3.
3:36 of 3rd period - Stefan Matteau wins face-off versus Tyler Randell in neutral zone.
3:58 of 3rd period - Icing by Reid McNeill.
3:59 of 3rd period - Tanner Richard wins face-off versus Lucas Wallmarkk in Harfangs zone.
4:02 of 3rd period - Slapshot by Tanner Richard.
4:02 of 3rd period - Shot Blocked by Lucas Wallmarkk.
4:10 of 3rd period - Wrist shot by Erik Nystrom.
4:10 of 3rd period - Shot Misses the Net.
4:12 of 3rd period - Backhand shot by Erik Nystrom.
4:12 of 3rd period - Stopped by Joe Cannata without a rebound.
4:13 of 3rd period - Tyler Brenner wins face-off versus Stefan Matteau in Coutelas zone.
4:59 of 3rd period - Wrist shot by Sven Andrighetto.
4:59 of 3rd period - Shot Misses the Net.
5:01 of 3rd period - Snap shot by David Kampf.
5:01 of 3rd period - Shot Blocked by Sam Reinhart.
5:05 of 3rd period - Snap shot by Morgan Klimchuk.
5:05 of 3rd period - Shot Misses the Net.
5:15 of 3rd period - Minor Penalty to Patrick Sieloff for Interference.
5:16 of 3rd period - Martins Karsums wins face-off versus Tyler Brenner in Coutelas zone.
6:09 of 3rd period - Tomas Kubalik is hit by Stefan Matteau and loses puck.
6:43 of 3rd period - Michael Bournival is hit by Mikhail Grigorenko and loses puck.
7:14 of 3rd period - Tyler Randell is hit by Petter Granberg and loses puck.
7:15 of 3rd period - Penalty to Patrick Sieloff is over, Patrick Sieloff is back on ice.
7:27 of 3rd period - David Kampf is hit by Oliver Bjorkstrand and loses puck.
7:54 of 3rd period - Snap shot by A.J. Greer.
7:54 of 3rd period - Shot Misses the Net.
7:56 of 3rd period - Slapshot by Blake Heinrich.
7:56 of 3rd period - Shot Blocked by Nick Mattson.
8:17 of 3rd period - Snap shot by Tanner Richard.
8:17 of 3rd period - Shot Blocked by Dylan Olsen.
9:15 of 3rd period - Mikhail Grigorenko is hit by Rinat Valiev and loses puck.
9:26 of 3rd period - Wrist shot by Mikhail Grigorenko.
9:26 of 3rd period - Stopped by Anton Forsberg with a rebound.
9:38 of 3rd period - Wrist shot by Mikhail Grigorenko.
9:38 of 3rd period - Stopped by Anton Forsberg with a rebound.
9:40 of 3rd period - Wrist shot by Rhett Rakhshani.
9:40 of 3rd period - Shot Blocked by Tyler Brenner.
9:42 of 3rd period - Slapshot by Julius Honka.
9:42 of 3rd period - Stopped by Anton Forsberg with a rebound.
9:44 of 3rd period - Slapshot by Mikhail Grigorenko.
9:44 of 3rd period - Shot Misses the Net.
9:48 of 3rd period - Snap shot by Mikhail Grigorenko.
9:48 of 3rd period - Shot Blocked by Rinat Valiev.
10:00 of 3rd period - Snap shot by Rhett Rakhshani.
10:00 of 3rd period - Shot Blocked by Rinat Valiev.
10:02 of 3rd period - Slapshot by Myles Bell.
10:02 of 3rd period - Stopped by Anton Forsberg with a rebound.
10:04 of 3rd period - Backhand shot by Rhett Rakhshani.
10:04 of 3rd period - Shot Misses the Net.
10:06 of 3rd period - Slapshot by Julius Honka.
10:06 of 3rd period - Shot Blocked by Rinat Valiev.
10:08 of 3rd period - Slapshot by Duncan Siemens.
10:08 of 3rd period - Shot Blocked by Tyler Brenner.
10:10 of 3rd period - Slapshot by Mikhail Grigorenko.
10:10 of 3rd period - Shot Blocked by Blake Heinrich.
10:12 of 3rd period - Snap shot by Julius Honka.
10:12 of 3rd period - Shot Blocked by Tyler Brenner.
10:14 of 3rd period - Snap shot by Myles Bell.
10:14 of 3rd period - Goal by Myles Bell - Harfangs : 4 - Coutelas : 4.
10:15 of 3rd period - Stefan Matteau wins face-off versus Lucas Wallmarkk in neutral zone.
10:22 of 3rd period - Wrist shot by Stefan Matteau.
10:22 of 3rd period - Deflect By Martins Karsums.
10:22 of 3rd period - Shot Misses the Net.
10:22 of 3rd period - Puck is out of play.
10:23 of 3rd period - Lucas Wallmarkk wins face-off versus Martins Karsums in Harfangs zone.
10:23 of 3rd period - Tomas Kubalik is hit by Martins Karsums.
10:36 of 3rd period - Minor Penalty to Patrick Sieloff for Interference.
10:37 of 3rd period - Martins Karsums wins face-off versus Tyler Brenner in Coutelas zone.
10:58 of 3rd period - Martins Karsums is hit by Tyler Brenner and loses puck.
12:36 of 3rd period - Penalty to Patrick Sieloff is over, Patrick Sieloff is back on ice.
12:51 of 3rd period - Duncan Siemens is hit by Morgan Klimchuk and loses puck.
13:14 of 3rd period - Slapshot by Julius Honka.
13:14 of 3rd period - Stopped by Anton Forsberg without a rebound.
13:15 of 3rd period - Tanner Richard wins face-off versus David Kampf in Harfangs zone.
13:16 of 3rd period - Wrist shot by Teemu Pulkkinen.
13:16 of 3rd period - Stopped by Anton Forsberg without a rebound.
13:17 of 3rd period - Oliver Bjorkstrand wins face-off versus Sven Andrighetto in Harfangs zone.
13:18 of 3rd period - Slapshot by Teemu Pulkkinen.
13:18 of 3rd period - Stopped by Anton Forsberg without a rebound.
13:19 of 3rd period - David Kampf wins face-off versus Tanner Richard in Harfangs zone.
13:23 of 3rd period - Dylan Olsen is hit by Patrick Sieloff and loses puck.
13:32 of 3rd period - Slapshot by Teemu Pulkkinen.
13:32 of 3rd period - Shot Misses the Net.
13:34 of 3rd period - Slapshot by Patrick Sieloff.
13:34 of 3rd period - Stopped by Anton Forsberg with a rebound.
13:54 of 3rd period - Snap shot by Tyler Randell.
13:54 of 3rd period - Deflect By Stefan Matteau.
13:54 of 3rd period - Stopped by Joe Cannata without a rebound.
13:55 of 3rd period - Tanner Richard wins face-off versus Lucas Wallmarkk in Coutelas zone.
14:29 of 3rd period - Ivan Provorov is hit by Duncan Siemens and loses puck.
14:43 of 3rd period - Dylan Olsen is hit by Julius Honka.
14:44 of 3rd period - Dylan Olsen from Harfangs is injured at 14:44 of 3rd period (Chest/Ribs).
14:45 of 3rd period - Stefan Matteau wins face-off versus Tyler Brenner in Coutelas zone.
15:11 of 3rd period - Morgan Klimchuk is hit by Michael Chaput and loses puck.
16:03 of 3rd period - Minor Penalty to Nick Mattson for High sticking.
16:04 of 3rd period - Martins Karsums wins face-off versus Tyler Brenner in Coutelas zone.
16:04 of 3rd period - Martins Karsums is hit by Michael Bournival.
16:30 of 3rd period - Ben Harpur is hit by Erik Nystrom and loses puck.
17:34 of 3rd period - Minor Penalty to Lucas Wallmarkk for Hooking.
17:35 of 3rd period - Tyler Randell wins face-off versus Martins Karsums in Harfangs zone.
17:48 of 3rd period - Snap shot by Michael Bournival.
17:48 of 3rd period - Stopped by Joe Cannata with a rebound.
18:03 of 3rd period - Penalty to Nick Mattson is over, Nick Mattson is back on ice.
19:31 of 3rd period - Ivan Provorov is hit by Rhett Rakhshani and loses puck.
19:34 of 3rd period - Penalty to Lucas Wallmarkk is over, Lucas Wallmarkk is back on ice.
19:40 of 3rd period - Rhett Rakhshani is hit by Lucas Wallmarkk and loses puck.
19:47 of 3rd period - Wrist shot by Tyler Brenner.
19:47 of 3rd period - Shot Misses the Net.
19:55 of 3rd period - Minor Penalty to Tyler Brenner for Hooking.
19:56 of 3rd period - Tyler Randell wins face-off versus Tanner Richard in Harfangs zone.
Goals for this period are 1 for Harfangs vs 2 for Coutelas.
Shots for this period are 8 for Harfangs vs 13 for Coutelas.
Overtime #1
0:01 of 1st overtime period - Martins Karsums wins face-off versus Tyler Randell in neutral zone.
0:15 of 1st overtime period - Snap shot by Martins Karsums.
0:15 of 1st overtime period - Shot Blocked by Rinat Valiev.
1:01 of 1st overtime period - Nick Mattson is hit by Ivan Provorov and loses puck.
1:34 of 1st overtime period - Stefan Matteau is hit by Reid McNeill and loses puck.
1:55 of 1st overtime period - Penalty to Tyler Brenner is over, Tyler Brenner is back on ice.
2:07 of 1st overtime period - Icing by Blake Heinrich.
2:08 of 1st overtime period - Nick Sorensen wins face-off versus Tanner Richard in Harfangs zone.
2:18 of 1st overtime period - Blake Heinrich is hit by Nick Mattson and loses puck.
2:32 of 1st overtime period - Michael Bournival is hit by Ben Harpur and loses puck.
2:39 of 1st overtime period - Petter Granberg is hit by Michael Bournival and loses puck.
3:19 of 1st overtime period - Wrist shot by Michael Bournival.
3:19 of 1st overtime period - Stopped by Joe Cannata without a rebound.
3:20 of 1st overtime period - Martins Karsums wins face-off versus Tomas Kubalik in Coutelas zone.
3:35 of 1st overtime period - Martins Karsums is hit by Tyler Brenner and loses puck.
3:43 of 1st overtime period - Icing by Nick Mattson.
3:44 of 1st overtime period - Martins Karsums wins face-off versus Tyler Randell in Coutelas zone.
4:01 of 1st overtime period - Martins Karsums is hit by Tyler Randell and loses puck.
4:38 of 1st overtime period - Ben Harpur is hit by Ivan Provorov.
Goals for this period are 0 for Harfangs vs 0 for Coutelas.
Shots for this period are 1 for Harfangs vs 0 for Coutelas.
ShootOut
5:00 of 1st overtime period - Round #1.
5:00 of 1st overtime period - Harfangs, Tyler Randell.
5:00 of 1st overtime period - Backhand shot by Tyler Randell.
5:00 of 1st overtime period - Stopped by Joe Cannata.
5:00 of 1st overtime period - Coutelas, Martins Karsums.
5:00 of 1st overtime period - Snap shot by Martins Karsums.
5:00 of 1st overtime period - Stopped by Anton Forsberg.
5:00 of 1st overtime period - Round #2.
5:00 of 1st overtime period - Harfangs, Michael Bournival.
5:00 of 1st overtime period - Backhand shot by Michael Bournival.
5:00 of 1st overtime period - Shot Misses the Net.
5:00 of 1st overtime period - Coutelas, Stefan Matteau.
5:00 of 1st overtime period - Snap shot by Stefan Matteau.
5:00 of 1st overtime period - Goal by Stefan Matteau.
5:00 of 1st overtime period - Round #3.
5:00 of 1st overtime period - Harfangs, Tomas Kubalik.
5:00 of 1st overtime period - Deke by Tomas Kubalik.
5:00 of 1st overtime period - Stopped by Joe Cannata.